 Dungeon Crawl Stone Soup version 0.16-a0-3532-g139d762 (webtiles) character file.

88 Stone the Skirmisher (level 4, 0/33 HPs)
             Began as an Octopode Fighter on Jan 7, 2015.
             Slain by a black bear (3 damage)
             ... on level 4 of the Dungeon.
             The game lasted 00:07:35 (1971 turns).

Stone the Skirmisher (Octopode Fighter)             Turns: 1971, Time: 00:07:36

Health: 0/33       AC:  1    Str: 15    XL:     4   Next: 54%
Magic:  4/4        EV: 12    Int: 10    God:
Gold:   124        SH:  5    Dex: 12    Spells: 0 memorised, 3 levels left

rFire  + . .     SeeInvis .     a - +0 long sword
rCold  x . .     Clarity  .     q - +1 buckler
rNeg   . . .     SustAb   .     (helmet restricted)
rPois  .         Gourm    .     p - amulet of resist mutation
rElec  .         Spirit   .     f - ring of fire
rCorr  .         Warding  .     (no ring)
rMut   +         Stasis   .     (no ring)
MR     .....                    (no ring)
Stlth  ++........               (no ring)
                                (no ring)
                                (no ring)
                                (no ring)

@: not resistant to hostile enchantments, unstealthy
A: almost no armour, amphibious, 8 rings, constrict 8, camouflage 1, gelatinous
body 1
a: no special abilities


You were on level 4 of the Dungeon.
You were not hungry.

You visited 1 branch of the dungeon, and saw 3 of its levels.

You collected 124 gold pieces.

Inventory:

Hand weapons
 a - a +0 long sword (weapon)
Missiles
 g - 23 sling bullets (quivered)
Armour
 c - a +0 shield
 q - a +1 buckler (worn)
Jewellery
 f - a ring of fire (left tentacle)
 j - an uncursed amulet of guardian spirit
 p - an amulet of resist mutation (around mantle)
Scrolls
 m - a scroll of remove curse
 n - a scroll of teleportation
Potions
 e - a potion of might
 h - a potion of ambrosia {unknown}
 i - a potion of haste {unknown}
 k - a potion of brilliance {unknown}
 o - a potion of restore abilities {unknown}
 r - a potion of heal wounds {unknown}
 s - a potion of curing {unknown}
Books
 b - a book of the Warp

   Spells                             Type                      Level
   a - Recall                         Summoning/Translocation      3
   b - Control Teleport               Charms/Translocation         4
   c - Force Lance                    Conjuration/Translocation    4
   d - Phase Shift                    Translocation                5
   e - Warp Weapon                    Charms/Translocation         5
   f - Summon Forest                  Summoning/Translocation      5
   g - Gell's Gravitas                Hexes/Translocation          6
Comestibles
 d - 3 bread rations


   Skills:
 + Level 4.2 Fighting
 + Level 3.5 Long Blades
 - Level 3.0 Dodging
 - Level 3.0 Shields


You had 3 spell levels left.
You didn't know any spells.

Dungeon Overview and Level Annotations

Branches:
Dungeon (4/15)
 Temple: D:4-7

Altars:
Sif Muna
Xom


Innate Abilities, Weirdness & Mutations

You cannot wear most types of armour.
You are amphibious.
You can wear up to eight rings at the same time.
You can use your tentacles to constrict many enemies at once.
Your skin changes colour to match your surroundings (Stealth).
Your rubbery body absorbs attacks (AC +1).


Message History

You hit the black bear but do no damage.
You grab the black bear. You squeeze the black bear!
The black bear is moderately wounded.
You constrict the black bear. The black bear bites you!
The black bear claws you. The black bear completely misses you.
You barely miss the black bear.
The black bear is moderately wounded.
You constrict the black bear. The black bear closely misses you.
You block the black bear's attack. The black bear claws you.
* * * LOW HITPOINT WARNING * * *
You are too injured to fight recklessly!
You constrict the black bear. The black bear bites you.
Keep disrobing? [Y]es or [N]o only, please.
Keep disrobing? [Y]es or [N]o only, please.
Keep disrobing?
* * * LOW HITPOINT WARNING * * *
The black bear claws you.
You die...

#..###.# #......#
####.########
#...........##
########.....# ##
###.#....# ##..#
####..##....#
#.%...##....###........
#..(..h@..### #########
##.%.###### ##


You could see a black bear.

Vanquished Creatures
  A giant frog skeleton (D:4)
  2 adders (D:2)
  3 giant geckos
  4 bats
  2 giant cockroaches (D:1)
  5 hobgoblins
  4 jackals
  6 kobolds
  3 giant newts
  5 goblins
  3 rats
38 creatures vanquished.

Notes
Turn   | Place    | Note
--------------------------------------------------------------
     0 | D:1      | Stone, the Octopode Fighter, began the quest for the Orb.
     0 | D:1      | Reached XP level 1. HP: 16/16 MP: 1/1
   327 | D:1      | Reached XP level 2. HP: 21/21 MP: 2/2
  1159 | D:2      | Reached XP level 3. HP: 26/26 MP: 3/3
  1172 | D:2      | Found a shimmering altar of Xom.
  1172 | D:2      | Found a shimmering altar of Xom.
  1421 | D:2      | Found a deep blue altar of Sif Muna.
  1586 | D:2      | Found a shimmering altar of Xom.
  1588 | D:2      | Found a shimmering altar of Xom.
  1588 | D:2      | Found a shimmering altar of Xom.
  1611 | D:2      | Found a shimmering altar of Xom.
  1619 | D:2      | You fall through a shaft for 2 floors!
  1627 | D:4      | Reached skill level 4 in Fighting
  1627 | D:4      | Reached XP level 4. HP: 28/33 MP: 2/4
  1964 | D:4      | Noticed a black bear
  1971 | D:4      | Slain by a black bear

Action                   |  1- 3 |  4- 6 || total
-------------------------+-------+-------++-------
Melee: Long sword        |    64 |    11 ||    75
  Use: Scroll            |     7 |       ||     7
 Stab: Sleeping          |     4 |     1 ||     5
  Eat: Pizza             |     1 |       ||     1
       Chunk             |     1 |       ||     1
       Fruit             |       |     1 ||     1
